Map: Echo LE

Players

llllllllllll - Winner!

  • Race: Zerg Zerg
  • Spawn Location: 5:00

phWinter (Winter)

  • Race: Zerg Zerg
  • Spawn Location: 11:00

Event: LycanGTV LotV Beta Tournament 1

VOD

Have the link to the VOD?

Description

Time

  • Played on: April 2, 2015, 1:09 p.m.
  • Length: 16:22

All games in this series

Show
View Real Time Build Order
Export as new Build Order

llllllllllll Zerg - Winner!

Build Orders: Hatch First 

Get SALT Encoding   

  12  0:01  Drone  
  13  0:13  Overlord  
  13  0:18  Drone  
  14  0:31  Drone x2  
  16  0:36  Drone  
  17  0:46  Drone  
  18  0:53  Hatchery  
  17  0:57  Drone  
  17  1:01  Extractor  
  17  1:07  Drone  
  18  1:14  Spawning Pool  
  18  1:18  Drone  
  18  1:28  Drone  
  19  1:39  Overlord  
  19  1:54  Drone  
  19  2:00  Queen  
  22  2:01  Drone  
  22  2:02  Metabolic Boost  
  22  2:05  Zergling x2, Queen  
  26  2:14  Drone  
  27  2:17  Drone  
  28  2:23  Drone  
  28  2:29  Drone  
  30  2:35  Drone  
  30  2:36  Baneling Nest, Queen  
  32  2:37  Drone  
  33  2:46  Overlord  
  33  2:49  Zergling x2  
  34  2:54  Drone  
  34  2:57  Lair  
  34  2:59  Drone  
  35  3:10  Drone x6  
  41  3:15  Drone  
  41  3:16  Drone  
  41  3:17  Overlord  
  43  3:20  Extractor, Baneling  
  43  3:26  Overlord  
  42  3:28  Drone, Extractor  
  42  3:32  Drone  
  43  3:38  Spine Crawler  
  43  3:39  Drone  
  43  3:40  Drone, Extractor  
  43  3:45  Drone  
  43  3:46  Drone x3  
  47  3:52  Drone x3  
  50  4:04  Spire  
  50  4:05  Drone x2  
  51  4:10  Overseer  
  51  4:12  Drone x3  
  51  4:16  Overlord  
  54  4:19  Zergling x6  
  54  4:21  Drone  
  58  4:32  Overlord  
  58  4:33  Overlord  
  58  4:34  Drone  
  59  4:41  Hatchery  
  58  4:48  Overseer  
  59  4:52  Drone  
  59  4:53  Drone, Spine Crawler  
  59  4:55  Spine Crawler  
  58  5:06  Overlord  
  58  5:07  Drone x2  
  60  5:15  Mutalisk x5  
  70  5:25  Mutalisk x2  
  74  5:31  Evolution Chamber  
  74  5:34  Mutalisk  
  75  5:35  Drone  
  75  5:36  Drone x3  
  75  5:40  Roach Warren  
  78  5:47  Drone x5  
  83  6:01  Drone x3  
  86  6:04  Zerg Missile Weapons Level 1, Overlord x2  
  86  6:05  Drone  
  86  6:06  Drone x2  
  89  6:15  Overlord x2  
  89  6:22  Overseer  
  89  6:23  Overseer  
  89  6:26  Glial Reconstitution, Roach x7  
  100  6:36  Drone x5  
  101  6:40  Spine Crawler  
  101  6:45  Roach x6  
  101  6:46  Roach  
  106  6:53  Extractor  
  102  6:55  Extractor  
  102  6:57  Drone x6  
  103  7:16  Evolution Chamber  
  103  7:17  Drone x2  
  103  7:18  Drone  
  103  7:19  Drone x9  
  114  7:22  Overseer  
  114  7:23  Ravager x2  
  114  7:24  Ravager x5  
  121  7:30  Queen  
  121  7:32  Queen  
  125  7:40  Roach  
  125  7:41  Overlord, Roach  
  125  7:42  Overlord x2  
  129  7:48  Overseer  
  129  7:53  Overlord  
  129  7:54  Overlord  
  129  7:57  Hatchery  
  129  7:58  Drone x2  
  130  8:03  Roach x4  
  140  8:13  Roach  
  140  8:14  Roach x6  
  150  8:35  Roach x6  
  160  8:42  Overlord x3  
  160  8:50  Roach  
  160  8:52  Zerg Missile Weapons Level 2, Zerg Ground Armor Level 1  
  162  8:58  Overseer  
  162  9:01  Roach x6  
  174  9:03  Ravager x7  
  174  9:04  Overlord  
  174  9:06  Overlord  
  178  9:37  Roach x2  
  178  9:38  Roach x9  
  200  9:48  Spine Crawler  
  200  9:49  Spine Crawler  
  200  9:52  Hatchery  
  197  10:12  Roach  
  188  10:23  Roach x6  
  200  10:41  Pneumatized Carapace  
  200  10:42  Infestation Pit  
  197  10:59  Zerg Ground Armor Level 2  
  197  11:02  Drone x3  
  200  11:08  Overseer  
  200  11:11  Overseer  
  200  11:13  Overseer  
  200  11:15  Overseer  
  200  11:20  Hatchery, Hive  
  200  11:25  Hatchery  
  198  11:29  Overseer  
  198  11:35  Ravager x2  
  198  11:39  Pathogen Glands  
  186  12:29  Roach  
  200  12:30  Roach x6  
  182  13:13  Roach x13  
  173  13:23  Roach x14  
  182  13:33  Roach  
  139  13:50  Roach  
  139  13:51  Roach x2  
  139  13:53  Drone x6, Queen  
  147  14:07  Overseer  
  145  14:17  Ravager x9  
  145  14:18  Ravager x7  
  158  14:29  Extractor  
  157  14:31  Extractor  
  157  14:32  Drone x2  
  157  14:33  Drone  
  159  14:44  Spine Crawler  
  159  14:45  Spine Crawler  
  157  14:47  Spine Crawler  
  157  14:48  Spine Crawler  
  157  14:51  Burrow  
  157  14:52  Roach  
  159  14:53  Roach x9  
  159  14:56  Spine Crawler  
  159  14:58  Spine Crawler  
  173  15:01  Roach  
  175  15:09  Roach x7  
  189  15:15  Hatchery  
  188  15:29  Overlord x3  
  189  15:43  Ravager x4  
Show
View Real Time Build Order
Export as new Build Order

phWinter Zerg 

Build Orders: Hatch First, Lurkers 

Get SALT Encoding   

  12  0:01  Drone  
  13  0:09  Drone  
  14  0:17  Overlord  
  14  0:25  Extractor  
  14  0:27  Extractor  
  14  0:28  Drone  
  13  0:29  Drone  
  16  0:51  Hatchery  
  16  0:54  Drone  
  16  1:00  Drone x2  
  18  1:14  Spawning Pool  
  18  1:18  Drone  
  18  1:23  Overlord  
  18  1:31  Drone  
  19  1:39  Drone  
  20  1:49  Drone  
  21  2:03  Overlord  
  21  2:04  Queen x2  
  21  2:08  Drone  
  26  2:09  Spine Crawler  
  26  2:10  Drone  
  26  2:17  Drone  
  27  2:26  Drone  
  27  2:28  Drone  
  27  2:29  Extractor  
  28  2:30  Extractor  
  28  2:33  Drone  
  28  2:35  Drone  
  29  2:40  Queen  
  29  2:42  Queen  
  33  2:45  Drone  
  33  2:49  Drone  
  35  2:54  Overlord  
  35  2:57  Drone  
  36  3:03  Drone  
  37  3:08  Drone  
  38  3:15  Overlord, Drone x3  
  38  3:16  Drone  
  38  3:19  Drone  
  43  3:26  Lair  
  43  3:28  Drone  
  44  3:35  Drone x3  
  44  3:40  Evolution Chamber  
  46  3:49  Roach Warren  
  46  3:51  Evolution Chamber, Drone x2  
  46  3:53  Extractor  
  46  3:54  Drone  
  46  4:00  Drone x3  
  49  4:03  Extractor  
  49  4:05  Zerg Missile Weapons Level 1  
  49  4:08  Drone x2  
  50  4:10  Drone  
  50  4:14  Drone  
  52  4:17  Overlord  
  52  4:24  Overlord  
  52  4:25  Zerg Ground Armor Level 1  
  52  4:33  Glial Reconstitution  
  52  4:37  Drone, Overlord  
  55  4:38  Roach  
  55  4:39  Roach  
  55  4:41  Roach  
  59  4:48  Roach x2  
  59  4:51  Overseer  
  63  5:00  Hatchery  
  63  5:04  Roach x2  
  66  5:09  Roach  
  66  5:10  Roach  
  70  5:14  Roach  
  70  5:15  Roach  
  70  5:17  Overlord  
  74  5:23  Roach  
  76  5:31  Overlord x2  
  76  5:39  Roach x4  
  84  5:47  Overlord  
  84  5:52  Roach x5  
  84  5:55  Overlord  
  94  6:06  Burrow  
  94  6:09  Spore Crawler  
  91  6:13  Queen x2  
  91  6:16  Spore Crawler  
  92  6:18  Roach x2  
  92  6:23  Drone x3  
  91  6:37  Zerg Ground Armor Level 2, Zerg Missile Weapons Level 2  
  77  6:41  Roach x2  
  77  6:44  Drone x2  
  79  6:48  Spore Crawler  
  74  6:56  Drone x4  
  74  6:58  Spore Crawler  
  74  7:00  Spore Crawler  
  70  7:04  Spore Crawler  
  67  7:09  Roach  
  67  7:11  Spore Crawler  
  67  7:12  Roach x2  
  72  7:17  Drone x2  
  72  7:18  Drone  
  75  7:26  Roach x3  
  75  7:27  Roach  
  75  7:29  Drone  
  84  7:33  Roach  
  84  7:36  Roach x2  
  90  7:39  Drone x3  
  90  7:42  Drone  
  90  7:43  Drone  
  95  7:44  Drone  
  95  7:49  Roach x2  
  100  7:52  Roach x2  
  104  8:03  Overlord  
  104  8:10  Overlord x3  
  104  8:23  Roach x4  
  106  8:27  Overlord x3  
  106  8:30  Roach x3  
  106  8:31  Roach x2  
  116  8:34  Roach x3  
  116  8:40  Roach x7  
  127  8:44  Drone x3  
  130  8:49  Roach x3  
  130  8:50  Roach x2  
  132  8:58  Roach x5  
  142  9:08  Roach  
  142  9:09  Hydralisk Den, Roach  
  143  9:15  Roach x5  
  153  9:18  Overlord x2  
  153  9:19  Overlord  
  145  9:37  Roach x7  
  145  9:38  Roach x2  
  163  9:50  Roach x2  
  163  9:54  Hydralisk x2  
  163  9:55  Hydralisk x3  
  163  9:58  Hatchery  
  172  10:05  Roach  
  172  10:06  Hatchery  
  170  10:18  Roach  
  170  10:19  Roach x3  
  170  10:20  Lurker Den  
  170  10:23  Roach  
  170  10:27  Overlord x2  
  170  10:29  Overlord  
  168  10:37  Ravager x2  
  168  10:39  Overlord  
  170  10:44  Overlord  
  170  10:49  Ravager x2  
  175  10:50  Ravager x3  
  175  10:51  Roach x6  
  175  10:52  Roach  
  187  11:00  Roach x2  
  195  11:04  Roach x4  
  199  11:31  Infestation Pit  
  198  11:39  Roach x2  
  198  11:46  Lurker  
  200  11:47  Lurker  
  178  11:54  Lurker x2  
  178  11:55  Lurker  
  178  11:56  Roach x7  
  195  12:02  Roach x2  
  190  12:19  Roach x5  
  190  12:20  Roach  
  199  12:34  Roach x2  
  194  12:51  Roach  
  194  12:52  Roach x2  
  198  13:04  Drone x4  
  200  13:07  Spore Crawler  
  200  13:09  Roach x5  
  182  13:17  Roach  
  182  13:18  Roach x10  
  161  13:26  Roach x3  
  130  13:33  Roach  
  131  13:36  Roach  
  104  13:42  Roach  
  104  13:43  Roach x2  
  104  13:48  Hive  
  104  13:55  Hatchery  
  101  13:56  Roach x4  
  101  13:57  Hatchery  
  101  13:58  Ravager x2  
  101  13:59  Zerg Melee Weapons Level 1  
  100  14:03  Extractor  
  100  14:04  Drone x5, Extractor  
  100  14:05  Drone  
  100  14:07  Drone  
  105  14:20  Roach  
  105  14:21  Roach x6  
  115  14:30  Roach x20  
  115  14:42  Hydralisk x2  
  117  14:48  Drone x6  
  123  14:53  Extractor x2  
  123  14:54  Roach x5  
  123  14:56  Roach  
  133  15:15  Roach  
  133  15:16  Roach x5  
  133  15:18  Drone  
  146  15:30  Overseer  
  138  15:42  Roach  
  138  15:43  Roach x7  
  152  15:54  Spine Crawler  
  152  15:55  Spine Crawler  
  152  15:57  Hatchery  
  145  15:58  Roach  
  145  15:59  Roach x6  
  145  16:00  Spine Crawler  

Tags
 
Composition
Lurkers
Matchup
ZvZ
Player
Winter
Race
Zerg
Replay Pack
Ro 16
Spawn Locations
Cross Positions
Add a new tag
Caveats
  • Supply blocks, unpowered buildings, or Contaminate may cause inaccurate times.
  • Supply counts are checked every 10 seconds.